 Dungeon Crawl Stone Soup version 0.31.0-12-g77e489cdc1 (webtiles) character file.

Game seed: 2942029715601451426

5691 TopazSpawn the Fighter (level 10, -2/107 HPs)
             Began as a Troll Gladiator on Feb 20, 2024.
             Killed from afar by an acid dragon (22 damage)
             ... with a splash of acid
             ... on level 9 of the Dungeon.
             The game lasted 00:13:31 (9542 turns).

TopazSpawn the Fighter (Troll Gladiator)            Turns: 9542, Time: 00:13:31

Health: -2/107     AC:  3    Str: 24    XL:     10   Next: 47%
Magic:  9/9        EV: 16    Int:  4    God:
Gold:   852        SH:  0    Dex: 27    Spells: 9/9 levels left

rFire   + .          .
                       - Unarmed
rCold   . . .        (no shield)
rNeg    . . .        y - +2 robe {rF+}
rPois   .            b - +1 hat
rElec   .            (no cloak)
rCorr   .            (gloves unavailable)
SInv    .            (boots unavailable)
Will    .....        (no amulet)
Stlth   ++           d - +6 ring of dexterity
HPRegen 1.17/turn    D - +6 ring of dexterity
MPRegen 0.11/turn

%: no passive effects
@: corroded
A: large, unfitting armour, claws 3, regeneration 1, shaggy fur 1, tough skin 1
a: no special abilities


You were on level 9 of the Dungeon.
You visited 2 branches of the dungeon, and saw 11 of its levels.
You also visited: Ossuary.

You collected 852 gold pieces.


Innate Abilities, Weirdness & Mutations

You are too large for most types of armour.
You have claws for hands.
Your natural rate of healing is unusually fast.
You are covered in fur. (AC +1)
You have tough skin. (AC +1)


   Skills:
 - Level 9.0 Fighting
 - Level 5.0 Throwing
 - Level 7.0 Dodging
 + Level 8.0 Unarmed Combat


You had 9 spell levels left.
You didn't know any spells.
Your spell library contained the following spells:

 Spells                   Type           Power      Damage    Failure   Level
 Summon Small Mammal      Summ           0%         N/A       50%         1
 Call Canine Familiar     Summ           0%         N/A       86%         3
 Summon Blazeheart Golem  Fire/Summ      0%         N/A       99%         4

Inventory:

Missiles
 c - 6 throwing nets (quivered) {=f}
 x - 6 large rocks {=f}
Armour
 b - a +1 hat (worn)
 y - a +2 robe of fire resistance (worn)
Magical Staves
 B - a staff of conjuration {!a}
Jewellery
 d - a +6 ring of dexterity (left claw)
 D - a +6 ring of dexterity (right claw)
 L - a ring of flight
 N - a ring of positive energy
Talismans
 k - a talisman of death
 z - a blade talisman
Wands
 l - a wand of charming (14)
 u - a wand of roots (10)
Scrolls
 e - 4 scrolls of teleportation {@r2}
 g - a scroll of fog
 j - a scroll of amnesia
 m - a scroll of enchant armour
 n - a scroll of fear
 q - 2 scrolls of immolation
 A - a scroll of poison
Potions
 a - a potion of mutation
 f - a potion of might {unknown}
 h - a potion of invisibility
 i - 2 potions of heal wounds {@q2}
 o - a potion of ambrosia
 p - 2 potions of lignification
 r - 4 potions of curing {@q1}
 s - 2 potions of attraction
 t - a potion of degeneration
 v - 2 potions of brilliance
 C - a potion of haste {@q3}
 E - a potion of magic {unknown}

Dungeon Overview and Level Annotations

Branches:
Dungeon (10/15)            Temple (1/1) D:6             Orc (0/2) D:9
Ossuary (visited)
   Lair: D:8-11

Altars:
Cheibriados
Dithmenos
Elyvilon
Fedhas
Gozag
Hepliaklqana
Kikubaaqudgha
Makhleb
Nemelex Xobeh
Okawaru
Qazlal
Ru
Sif Muna
Trog
Uskayaw
Vehumet
Wu Jian
Xom
Yredelemnul
Zin
The Shining One

Shops:
D:2 *   D:3 ( D:9

:
....#.....##....###.#.#..#...⚑.#.
####▒##.#+##.######.#.#.##....##.
#....'.#....# #.........##..##..
##....##▒##### #........#.##.....
.#....### #........#..###..#
.+......## #........#........
##....#..#######.##+#'#.####..<..
#....##......##.##.#.#.# #.###.
#....#######.#.@##.#.#.####.# #.
#....# #..D.##.#.#......# #.
#....# ####.##.#.##########.
###### #.#...............
#.#..#.##########. #.#..#......#
#. #.#..######.# #. #.#..# #.# #.
#.#..# ####.# #.


You could see an acid dragon (catching breath).


Message History

The acid dragon claws you but does no damage.
The death knight attacks as it pursues you!
The death knight hits you from afar with a +0 glaive!!
* * * LOW HITPOINT WARNING * * *
There is a stone staircase leading up, spattered with blood here.
The acid dragon bites you!
* * * LOW HITPOINT WARNING * * *
The acid dragon closely misses you.
The death knight hits you from afar with a +0 glaive!!
* * * LOW HITPOINT WARNING * * *
You climb upwards.
There is a stone staircase leading down here.
You are too injured to fight recklessly!
Unknown command.
You feel much better. The acid dragon spits acid at you.
The splash of acid hits you!
* * * LOW HITPOINT WARNING * * *
The acid corrodes you!
Unknown command.
You scratch the acid dragon but do no damage.
The acid dragon is heavily wounded.
The acid dragon misses you. The acid dragon claws you.
* * * LOW HITPOINT WARNING * * *
Unknown command.
You closely miss the acid dragon.
The acid dragon is heavily wounded.
The acid dragon spits acid at you. The splash of acid hits you!!
You die...

Skill      XL: |  1  2  3  4  5  6  7  8  9 10 |
---------------+-------------------------------+-----
Fighting       | 2 3 4 5 6 9 |  9.0
Dodging        | 3 5 7 |  7.0
Throwing       | 2 3 4 5 |  5.0
Unarmed Combat | 4 5 8 |  8.0

Action                     |  1- 3 |  4- 6 |  7- 9 | 10-12 || total
---------------------------+-------+-------+-------+-------++-------
  Melee: Unarmed           |    70 |   151 |   513 |   151 ||   885
         Punch             |     1 |     3 |    19 |     6 ||    29
    Use: Potion            |     1 |       |       |     1 ||     2
         Scroll            |       |       |       |    16 ||    16
   Stab: Sleeping          |     2 |     4 |     6 |     3 ||    15
         Distracted        |       |       |     1 |       ||     1
 Armour: Robe              |    43 |    94 |   320 |   112 ||   569
  Dodge: Dodged            |    29 |    57 |   366 |   116 ||   568

Levels and vault maps discovered:
D:1:      scummos_arrival_checkerplants, layout_basic,
          dreamdust_ecumenical_altar_drowned_temple,
          chequers_serial_rivers_micro_c
D:2:      layout_basic, serial_shops, shop
D:3:      layout_loops_ring, mainiacjoe_overflow_six_doors_small, serial_shops,
          shop, uniq_jessica, uniq_robin
D:4:      layout_rooms, dancing_weapons_uskayaw, minivault_11
D:5:      layout_cave_pods, nicolae_overflow_two_pavilions, enter_ossuary_1,
          uniq_ijyb
D:6:      layout_basic, mainiacjoe_overflow_alcove_2, minmay_temple_entry_grid,
          roadster_capsule_ark_zombie, uniq_edmund, uniq_prince_ribbit1
D:7:      wad_woods_tower, layout_basic, cheibrodos_worm_habitat
D:8:      lemuel_ice_spiral_2, layout_basic, grunt_temple_overflow_open,
          mainiacjoe_overflow_24_doors, mainiacjoe_overflow_tiny_flanked
D:9:      nicolae_cairo_tiling_large, layout_basic,
          nicolae_dithmenos_through_a_glass_darkly,
          minmay_orc_entry_temple_small, nicolae_shop_i_like_small_books_too,
          uniq_joseph
D:10:     layout_basic, lemuel_crystal_altar, minmay_ruined_shrine
Temple:   nicolae_temple_figure_zero

Notes
Turn   | Place    | Note
-------+----------+-------------------------------------------
     0 | D:1      | TopazSpawn the Troll Gladiator began the quest for the Orb.
     0 | D:1      | Reached XP level 1. HP: 19/19 MP: 0/0
    39 | D:1      | Found a faded altar of an unknown god.
    95 | D:1      | Reached skill level 2 in Fighting
   416 | D:1      | Reached XP level 2. HP: 28/28 MP: 1/1
   841 | D:2      | Found Gega's General Store.
  1051 | D:2      | Reached XP level 3. HP: 36/36 MP: 2/2
  1070 | D:2      | Reached skill level 3 in Fighting
  1703 | D:2      | You fall into a shaft and drop 1 floor!
  1727 | D:3      | Found a blossoming altar of Fedhas.
  1765 | D:3      | Reached XP level 4. HP: 43/46 MP: 3/3
  1837 | D:3      | Reached skill level 4 in Fighting
  2105 | D:3      | Found Cabuk's Antique Weapon Emporium.
  2126 | D:3      | Noticed Jessica
  2134 | D:3      | Killed Jessica
  2135 | D:3      | Reached skill level 3 in Dodging
  2135 | D:3      | Reached skill level 2 in Throwing
  2135 | D:3      | Reached XP level 5. HP: 50/54 MP: 4/4
  2159 | D:3      | Noticed Robin
  2194 | D:3      | Killed Robin
  2448 | D:4      | Noticed a phantom
  2453 | D:4      | Found a hide-covered altar of Uskayaw.
  2453 | D:4      | Noticed a +0 dagger
  2453 | D:4      | Noticed a +0 dagger
  2455 | D:4      | Killed a phantom
  2456 | D:4      | Reached skill level 3 in Throwing
  2537 | D:4      | Reached XP level 6. HP: 62/62 MP: 5/5
  2546 | D:4      | Reached skill level 4 in Unarmed Combat
  3002 | D:4      | Reached skill level 5 in Fighting
  3259 | D:5      | Entered Level 5 of the Dungeon
  3267 | D:4      | Reached XP level 7. HP: 72/72 MP: 6/6
  3452 | D:5      | Found a glowing golden altar of the Shining One.
  3452 | D:5      | Found a sparkling altar of Nemelex Xobeh.
  3535 | D:5      | Found a sand-covered staircase.
  3544 | Ossuary  | Entered an ossuary
  3588 | Ossuary  | Reached skill level 6 in Fighting
  3756 | Ossuary  | Reached skill level 4 in Dodging
  3947 | D:5      | Noticed Ijyb
  3955 | D:5      | Killed Ijyb
  4161 | D:5      | Reached skill level 5 in Dodging
  4161 | D:5      | Reached XP level 8. HP: 21/83 MP: 7/7
  4708 | D:6      | Reached skill level 5 in Unarmed Combat
  5033 | D:6      | Reached skill level 6 in Dodging
  5083 | D:6      | Found a staircase to the Ecumenical Temple.
  5187 | D:6      | Noticed Edmund
  5204 | D:6      | Killed Edmund
  5205 | D:6      | Reached skill level 7 in Dodging
  5256 | D:6      | Noticed Prince Ribbit
  5275 | D:6      | Killed Prince Ribbit
  5276 | D:6      | Reached XP level 9. HP: 61/92 MP: 8/8
  5541 | D:6      | Reached skill level 7 in Fighting
  5565 | D:6      | Found an ornate altar of the Wu Jian Council.
  5740 | D:6      | Found a basalt altar of Yredelemnul.
  6236 | Temple   | Entered the Ecumenical Temple
  6267 | D:7      | Reached skill level 8 in Fighting
  6451 | D:7      | Found a snail-covered altar of Cheibriados.
  6949 | D:7      | Reached skill level 9 in Fighting
  7181 | D:8      | Found an ancient bone altar of Kikubaaqudgha.
  7183 | D:8      | Found a white marble altar of Elyvilon.
  7202 | D:8      | Found a basalt altar of Yredelemnul.
  7309 | D:8      | Reached skill level 4 in Throwing
  7320 | D:8      | Reached XP level 10. HP: 67/107 MP: 9/9
  7402 | D:8      | Reached skill level 5 in Throwing
  7548 | D:8      | Found a burning altar of Makhleb.
  7762 | D:8      | Found an opulent altar of Gozag.
  7804 | D:8      | Reached skill level 6 in Unarmed Combat
  8304 | D:9      | Noticed Joseph
  8313 | D:9      | Killed Joseph
  8314 | D:9      | Reached skill level 7 in Unarmed Combat
  8813 | D:9      | Found a staircase to the Orcish Mines.
  9013 | D:9      | Found Kytug's Tiny Tomes.
  9136 | D:9      | Reached skill level 8 in Unarmed Combat
  9225 | D:9      | Found a shadowy altar of Dithmenos.
  9521 | D:10     | Entered Level 10 of the Dungeon
  9525 | D:10     | Noticed a death knight
  9526 | D:10     | Noticed a centaur warrior
  9538 | D:10     | HP: 1/107 [death knight/+0 glaive (22)]
  9542 | D:9      | Killed from afar by an acid dragon

Vanquished Creatures
  Joseph (D:9)
  Prince Ribbit (D:6)
  A wyvern (D:9)
  4 yaks (D:8)
  Edmund (D:6)
  An acid dragon (D:8)
  3 ice beasts
  2 orc warriors
  A black bear (D:6)
  3 ogres
  An elephant zombie (D:6)
  A centaur (D:9)
  2 phantoms
  An elf zombie (D:6)
  3 kobold brigands
  2 bullfrogs
  A gnoll sergeant (D:8)
  A scorpion (D:7)
  12 wights
  A burial acolyte (Ossuary)
  4 killer bees (D:9)
  A howler monkey (D:9)
  A centaur zombie (D:6)
  2 gnoll boudas
  A jelly (D:6)
  7 orc priests
  7 hounds
  2 human zombies
  Jessica (D:3)
  4 iguanas
  3 sleepcaps
  Ijyb (D:5)
  8 orc wizards
  2 crocodile zombies (Ossuary)
  2 ogre zombies (D:6)
  9 hound zombies
  3 mummies (Ossuary)
  Robin (D:3)
  2 howler monkey zombies (D:6)
  14 gnolls
  8 adders
  4 river rats (D:7)
  2 white imps
  4 adder zombies
  7 dart slugs
  2 ribbon worms
  27 orcs
  7 bats
  4 endoplasms
  2 giant cockroaches
  16 goblins
  7 hobgoblins
  4 quokkas
  5 ball pythons
  2 ball python zombies (Ossuary)
  3 frilled lizards
  3 gnoll zombies (Ossuary)
  5 jackal zombies (Ossuary)
  25 kobolds
  10 kobold zombies (Ossuary)
  A rat (D:2)
  A spectral hobgoblin (D:1)
267 creatures vanquished.

Table legend: (Time is in decaauts)
 A = Elapsed time spent in this place.
 B = Non-inter-level travel time spent in this place.
 C = Inter-level travel time spent in this place.
 D = Time resting spent in this place.
 E = Time spent auto-exploring this place.
 F = Levels seen in this place.
 G = Mean time per level.
                   A        B        C        D        E       F      G
               +--------+--------+--------+--------+--------+-----+--------+
         Total |   9466 |   8932 |    534 |   1558 |   5655 |  12 |  788.8 |
       Dungeon |   9178 |   8646 |    532 |   1558 |   5513 |  10 |  917.8 |
        Temple |      1 |      0 |      1 |      0 |      0 |   1 |    1.0 |
       Ossuary |    286 |    286 |      0 |      0 |    142 |   1 |  286.0 |
               +--------+--------+--------+--------+--------+-----+--------+

Top non-repeatable levels by time:
     D:6: 1312 daAuts
     D:8: 1264 daAuts
     D:5: 1262 daAuts
     D:9: 1056 daAuts
     D:7: 910 daAuts
     D:2: 897 daAuts
     D:1: 842 daAuts
     D:4: 825 daAuts
     D:3: 789 daAuts
 Ossuary: 286 daAuts
    D:10: 17 daAuts
  Temple: 1 daAuts

Table legend:
 A = Non-vault XP
 B = Vault XP
 C = Vault XP percentage of total XP
 D = Non-vault monster count
 E = Vault monster count
 F = Vault count percentage of total count
                 A         B        C        D         E       F
            +---------+---------+-------+---------+---------+-------
      Total |    6052 |    2078 |  25.6 |     185 |      82 |  30.7
            +---------+---------+-------+---------+---------+-------
        D:1 |      25 |       1 |   3.8 |      11 |       1 |   8.3
        D:2 |      67 |       0 |   0.0 |      18 |       0 |   0.0
        D:3 |     107 |      74 |  40.9 |      21 |      14 |  40.0
        D:4 |     465 |       0 |   0.0 |      25 |       0 |   0.0
        D:5 |     646 |      36 |   5.3 |      17 |       1 |   5.6
        D:6 |    1240 |     947 |  43.3 |      31 |      17 |  35.4
        D:7 |     793 |      86 |   9.8 |      19 |       7 |  26.9
        D:8 |    1959 |       0 |   0.0 |      31 |       0 |   0.0
        D:9 |     750 |     599 |  44.4 |      12 |       9 |  42.9
    Ossuary |       0 |     335 | 100.0 |       0 |      33 | 100.0
            +---------+---------+-------+---------+---------+-------
